Edmonton Oilers vs New York Rangers
Created - Tuesday, July 4, 2023 at 06:45
Goals
|
| Edmonton Oilers |
0 |
2 |
0 |
0 |
2 |
| New York Rangers |
1 |
1 |
0 |
1 |
3 |
|
Shots
|
| Edmonton Oilers |
17 |
7 |
4 |
1 |
29 |
| New York Rangers |
11 |
9 |
11 |
4 |
35 |
|
1st period
1. New York Rangers , Pierre-Luc Dubois 1 (Mikael Granlund 1) at 15:57 (PP)
Penalties :
Nathan MacKinnon (NYR) for Fighting (Major) at 0:09, Jamie Benn (EDM) for Fighting (Major) at 0:09, Patrice Bergeron (NYR) for Fighting (Major) at 11:35, Jamie Benn (EDM) for Fighting (Major) at 11:35, Jacob Trouba (EDM) for Holding (Minor) at 15:41
2nd period
2. Edmonton Oilers , David Perron 2 (Brandon Carlo 1) at 0:52
3. New York Rangers , Eric Robinson 3 (T.J. Oshie 4, Tyler Motte 3) at 5:34
4. Edmonton Oilers , Cam Atkinson 1 (Jacob Trouba 1) at 11:53
Penalties :
Blake Wheeler (NYR) for Holding (Minor) at 15:48
3rd period
No Goal
Penalties :
Jeff Carter (EDM) for Holding (Minor) at 1:21, T.J. Oshie (NYR) for Elbowing (Minor) at 10:59
Overtime #1
5. New York Rangers , Patrice Bergeron 1 (Nathan MacKinnon 1) at 0:40
Penalties :
No Penalty
Goalie Stats
Juuse Saros (EDM), 32 saves from 35 shots - (0.914), OTL, 2-0-2, 60:40 minutes
Igor Shesterkin (NYR), 27 saves from 29 shots - (0.931), W, 2-1-0, 60:40 minutes
Players Stats for Edmonton Oilers
Player Name G A P +/- PIM S H SB GA TA FO MP PP MP PK MP
------------------------------------------------------------------------------------
Adrian Kempe 0 0 0 0 0 2 1 0 0 0 0/0 18:03 2:49 0:00
Anton Stralman 0 0 0 -1 0 1 1 1 0 2 0/0 18:50 0:00 0:47
Boone Jenner 0 0 0 2 0 3 1 1 1 1 6/11 20:57 1:25 1:12
Brandon Carlo 0 1 1 1 0 1 1 0 0 0 0/0 14:58 0:00 0:00
Brock Boeser 0 0 0 -1 0 2 0 0 0 2 0/1 15:44 2:23 0:00
Cam Atkinson 1 0 1 2 0 3 0 0 0 0 1/2 17:58 1:09 0:00
Damon Severson 0 0 0 0 0 1 3 3 0 1 0/0 24:52 2:49 0:47
David Perron 1 0 1 2 0 1 2 0 1 0 0/0 17:36 1:23 0:00
Duncan Keith 0 0 0 1 0 1 0 2 0 0 0/0 14:59 0:00 0:00
Erik Johnson 0 0 0 -1 0 1 0 1 0 1 0/0 18:41 0:00 1:28
Jacob Trouba 0 1 1 0 2 0 5 1 0 3 0/0 24:26 1:09 1:28
Jakob Silfverberg 0 0 0 -1 0 3 0 0 0 1 0/0 11:20 0:00 1:03
Jakub Voracek 0 0 0 -1 0 6 0 0 0 0 0/0 15:09 1:35 0:00
Jamie Benn 0 0 0 0 10 2 0 1 1 0 0/0 14:26 2:23 0:00
Jeff Carter 0 0 0 0 2 0 4 0 0 0 9/22 16:07 0:12 0:09
Mikael Backlund 0 0 0 -1 0 0 1 0 0 0 7/9 9:53 0:00 1:03
Paul Stastny 0 0 0 -1 0 0 0 0 1 0 0/0 11:38 0:10 0:13
Ryan Getzlaf 0 0 0 -1 0 2 2 0 0 0 4/9 15:24 2:23 0:50
Players Stats for New York Rangers
Player Name G A P +/- PIM S H SB GA TA FO MP PP MP PK MP
------------------------------------------------------------------------------------
Adam Larsson 0 0 0 -1 0 0 1 1 0 1 0/0 20:00 0:00 1:46
Andre Burakovsky 0 0 0 -1 0 1 0 1 0 0 0/1 16:07 0:50 0:00
Blake Wheeler 0 0 0 -1 2 3 2 0 0 1 0/0 16:15 1:20 0:00
Cam Fowler 0 0 0 1 0 3 2 2 0 0 0/0 25:35 1:25 2:12
Cole Caufield 0 0 0 0 0 1 1 0 1 0 0/1 12:55 0:55 0:00
Conor Garland 0 0 0 0 0 1 2 0 0 0 0/1 13:31 0:00 0:00
David Kampf 0 0 0 0 0 0 0 1 0 0 2/3 12:27 0:00 0:49
Dmitry Kulikov 0 0 0 0 0 0 4 0 0 1 0/0 14:15 0:00 0:00
Eric Robinson 1 0 1 1 0 2 0 1 0 0 0/0 11:44 0:00 2:05
Jake McCabe 0 0 0 -1 0 0 0 0 0 1 0/0 20:00 0:00 1:46
Mark Giordano 0 0 0 1 0 3 2 2 1 0 0/0 24:43 0:50 2:12
Matthew Benning 0 0 0 0 0 0 4 1 0 0 0/0 14:15 0:00 0:00
Mikael Granlund 0 1 1 -1 0 4 4 0 4 0 6/16 18:58 1:36 0:53
Nathan MacKinnon 0 1 1 0 5 6 0 0 2 0 1/1 17:26 0:55 0:00
Patrice Bergeron 1 0 1 0 5 6 0 0 0 0 17/27 19:06 0:39 1:58
Pierre-Luc Dubois 1 0 1 0 0 3 2 0 1 0 0/1 20:51 1:25 1:07
T.J. Oshie 0 1 1 1 2 2 3 0 2 0 1/3 10:39 1:20 0:00
Tyler Motte 0 1 1 1 0 0 2 0 0 0 0/0 10:31 0:00 1:04
3 Stars
1 - David Perron (EDM)
2 - Cam Atkinson (EDM)
3 - Eric Robinson (NYR)
Power Play
Edmonton Oilers - 0 on 2 Attempt(s) - 0.00%
New York Rangers - 1 on 2 Attempt(s) - 50.00%
Penalty Kill
Edmonton Oilers - 1 on 2 Attempt(s) - 50.00%
- Score 0 goal in Penalty Kill
New York Rangers - 2 on 2 Attempt(s) - 100.00%
- Score 0 goal in Penalty Kill
Team Stat
Edmonton Oilers - Hits : 21 - Faceoff Wins : 27 - Blocked Shots : 10 - Penalty Minutes : 14
New York Rangers - Hits : 29 - Faceoff Wins : 27 - Blocked Shots : 9 - Penalty Minutes : 14
Official
Referees : Tom Kowal and Brian Pochmara
Linesman : Kiel Murchison and Shane Heyer
Game Notes
Nathan MacKinnon beats up Jamie Benn at 0:09 of 1st period
Patrice Bergeron and Jamie Benn fight to a draw at 11:35 of 1st period
Finance
Level 1 -- Attendance: 6000 (100.00%) -- Ticket Income $612,000
Level 2 -- Attendance: 4695 (93.90%) -- Ticket Income $295,785
Level 3 -- Attendance: 2267 (75.57%) -- Ticket Income $92,947
Level 4 -- Attendance: 4392 (87.84%) -- Ticket Income $122,976
Luxury Box -- Attendance: 1000 (100.00%) -- Ticket Income $195,000
Game was played at the Madison Square Garden.
Total Attendance: 18354 (91.77%)
Total Ticket Income: $1,318,708
Other Income: $461,548
Total Income: $1,780,256
Edmonton Oilers
5 vs 5 Forward
Center Left Wing Right Wing Time % Phy DF OF
1 Jeff Carter Jamie Benn Adrian Kempe 31 1 2 2
2 Boone Jenner David Perron Cam Atkinson 31 1 2 2
3 Ryan Getzlaf Jakub Voracek Brock Boeser 25 1 2 2
4 Mikael Backlund Paul Stastny Jakob Silfverberg 13 1 2 2
5 vs 5 Defense
Defense Defense Time % Phy DF OF
1 Damon Severson Anton Stralman 32 1 2 2
2 Erik Johnson Jacob Trouba 32 1 3 1
3 Duncan Keith Brandon Carlo 26 1 3 1
4 Damon Severson Jacob Trouba 10 0 2 3
PowerPlay Forward
Center Left Wing Right Wing Time % Phy DF OF
1 Boone Jenner David Perron Jakub Voracek 50 0 0 5
2 Ryan Getzlaf Jamie Benn Brock Boeser 50 0 0 5
PowerPlay Defense
Defense Defense Time % Phy DF OF
1 Damon Severson Adrian Kempe 50 0 1 4
2 Jacob Trouba Cam Atkinson 50 0 1 4
Penalty Kill 4 Players Forward
Center Wing Time % Phy DF OF
1 Mikael Backlund Jakob Silfverberg 50 1 4 0
2 Jeff Carter Boone Jenner 50 1 4 0
Penalty Kill 4 Players Defense
Defense Defense Time % Phy DF OF
1 Anton Stralman Damon Severson 50 1 4 0
2 Erik Johnson Jacob Trouba 50 1 4 0
Penalty Kill - 3 Players Forward
Forward Time % Phy DF OF
1 Mikael Backlund 50 1 2 2
2 Jakob Silfverberg 50 1 4 0
Penalty Kill - 3 Players Defense
Defense Defense Time % Phy DF OF
1 Anton Stralman Damon Severson 50 1 2 2
2 Erik Johnson Jacob Trouba 50 1 4 0
4 vs 4 Forward
Center Wing Time % Phy DF OF
1 Boone Jenner Adrian Kempe 50 0 2 3
2 Paul Stastny David Perron 50 0 2 3
4 vs 4 Defense
Defense Defense Time % Phy DF OF
1 Damon Severson Duncan Keith 50 0 3 2
2 Jacob Trouba Erik Johnson 50 1 3 1
Last Minutes Offensive
Center Left Wing Right Wing Defense Defense
Boone Jenner Jamie Benn David Perron Damon Severson Jacob Trouba
Last Minutes Defensive
Center Left Wing Right Wing Defense Defense
Boone Jenner Mikael Backlund Jakob Silfverberg Anton Stralman Erik Johnson
Goaltenders
Starting : Juuse Saros
Backup : Jonathan Quick
Extra Forwards
Normal : Boone Jenner, Jamie Benn, Adrian Kempe - PP : Jeff Carter, Paul Stastny - PK : Ryan Getzlaf
Extra Defensemen
Normal : Jacob Trouba, Damon Severson, Erik Johnson - PP : Brandon Carlo - PK : Duncan Keith, Jacob Trouba
Penalty Shots
Boone Jenner, Jamie Benn, Adrian Kempe, David Perron, Jakob Silfverberg
New York Rangers
5 vs 5 Forward
Center Left Wing Right Wing Time % Phy DF OF
1 Patrice Bergeron Pierre-Luc Dubois Nathan MacKinnon 40 0 1 4
2 Mikael Granlund Andre Burakovsky Blake Wheeler 30 1 1 3
3 David Kampf Conor Garland Cole Caufield 20 1 2 2
4 T.J. Oshie Tyler Motte Eric Robinson 10 1 3 1
5 vs 5 Defense
Defense Defense Time % Phy DF OF
1 Mark Giordano Cam Fowler 44 1 2 2
2 Jake McCabe Adam Larsson 33 1 2 2
3 Dmitry Kulikov Matthew Benning 23 1 2 2
4 Cam Fowler Adam Larsson 0 1 2 2
PowerPlay Forward
Center Left Wing Right Wing Time % Phy DF OF
1 Patrice Bergeron Nathan MacKinnon Cole Caufield 60 0 1 4
2 Mikael Granlund T.J. Oshie Blake Wheeler 40 0 1 4
PowerPlay Defense
Defense Defense Time % Phy DF OF
1 Cam Fowler Pierre-Luc Dubois 60 0 2 3
2 Andre Burakovsky Mark Giordano 40 0 2 3
Penalty Kill 4 Players Forward
Center Wing Time % Phy DF OF
1 Patrice Bergeron Eric Robinson 60 1 3 1
2 David Kampf Tyler Motte 40 1 3 1
Penalty Kill 4 Players Defense
Defense Defense Time % Phy DF OF
1 Mark Giordano Cam Fowler 60 1 3 1
2 Adam Larsson Jake McCabe 40 1 3 1
Penalty Kill - 3 Players Forward
Forward Time % Phy DF OF
1 Nathan MacKinnon 60 1 4 0
2 Patrice Bergeron 40 1 4 0
Penalty Kill - 3 Players Defense
Defense Defense Time % Phy DF OF
1 Cam Fowler Mark Giordano 60 1 4 0
2 Adam Larsson Jake McCabe 40 1 4 0
4 vs 4 Forward
Center Wing Time % Phy DF OF
1 Nathan MacKinnon Patrice Bergeron 60 1 2 2
2 Pierre-Luc Dubois Blake Wheeler 40 1 2 2
4 vs 4 Defense
Defense Defense Time % Phy DF OF
1 Cam Fowler Jake McCabe 60 1 2 2
2 Mark Giordano Adam Larsson 40 1 2 2
Last Minutes Offensive
Center Left Wing Right Wing Defense Defense
Patrice Bergeron Blake Wheeler Nathan MacKinnon Cam Fowler Mark Giordano
Last Minutes Defensive
Center Left Wing Right Wing Defense Defense
Patrice Bergeron David Kampf Mikael Granlund Cam Fowler Adam Larsson
Goaltenders
Starting : Igor Shesterkin
Backup : Tristan Jarry
Extra Forwards
Normal : Mikael Granlund, Andre Burakovsky, Conor Garland - PP : Mikael Granlund, Nathan MacKinnon - PK : Mikael Granlund
Extra Defensemen
Normal : Dmitry Kulikov, Matthew Benning, Mark Giordano - PP : Dmitry Kulikov - PK : Matthew Benning, Mark Giordano
Penalty Shots
T.J. Oshie, Mikael Granlund, Mark Giordano, Nathan MacKinnon, Blake Wheeler
% Time on Ice - Edmonton Oilers
Lines # - Real PCT - Wanted PCT - Time Play
Normal Forward
1 - 29% - 31% - 15:44
2 - 33% - 31% - 17:56
3 - 22% - 25% - 11:57
4 - 16% - 13% - 8:50
Normal Defense
1 - 32% - 32% - 17:24
2 - 32% - 32% - 17:36
3 - 28% - 26% - 14:59
4 - 8% - 10% - 4:28
PP Forward
1 - 40% - 50% - 1:35
2 - 60% - 50% - 2:23
PP Defense
1 - 71% - 50% - 2:49
2 - 29% - 50% - 1:09
PK Forward
1 - 47% - 50% - 1:03
2 - 53% - 50% - 1:12
PK Defense
1 - 35% - 50% - 0:47
2 - 65% - 50% - 1:28
PK3 Forward
1 - 0% - 50%
2 - 0% - 50%
PK3 Defense
1 - 0% - 50%
2 - 0% - 50%
44 Forward
1 - 0% - 50%
2 - 0% - 50%
44 Defense
1 - 0% - 50%
2 - 0% - 50%
Last Minute Offensive - 0:00
Last Minute Defensive - 0:00
Total
Forward - 60:40
Defense - 60:40
|
% Time on Ice - New York Rangers
Lines # - Real PCT - Wanted PCT - Time Play
Normal Forward
1 - 35% - 40% - 19:17
2 - 27% - 30% - 14:26
3 - 21% - 20% - 11:38
4 - 17% - 10% - 9:06
Normal Defense
1 - 40% - 44% - 21:58
2 - 33% - 33% - 18:14
3 - 26% - 23% - 14:15
4 - 0% - 0% - 0:00
PP Forward
1 - 41% - 60% - 0:55
2 - 59% - 40% - 1:20
PP Defense
1 - 63% - 60% - 1:25
2 - 37% - 40% - 0:50
PK Forward
1 - 79% - 60% - 3:09
2 - 21% - 40% - 0:49
PK Defense
1 - 55% - 60% - 2:12
2 - 45% - 40% - 1:46
PK3 Forward
1 - 0% - 60%
2 - 0% - 40%
PK3 Defense
1 - 0% - 60%
2 - 0% - 40%
44 Forward
1 - 0% - 60%
2 - 0% - 40%
44 Defense
1 - 0% - 60%
2 - 0% - 40%
Last Minute Offensive - 0:00
Last Minute Defensive - 0:00
Total
Forward - 60:40
Defense - 60:40
|
Play-by-Play
1st period
0:01 of 1st period - Jeff Carter wins face-off versus Patrice Bergeron in neutral zone.
0:06 of 1st period - Icing by Patrice Bergeron.
0:07 of 1st period - Patrice Bergeron wins face-off versus Jeff Carter in New York Rangers zone.
0:09 of 1st period - Nathan MacKinnon beats up Jamie Benn.
0:09 of 1st period - Penalty to Nathan MacKinnon for Fighting.
0:09 of 1st period - Penalty to Jamie Benn for Fighting.
0:10 of 1st period - Boone Jenner wins face-off versus Mikael Granlund in neutral zone.
0:25 of 1st period - Slapshot by Cam Atkinson.
0:25 of 1st period - Stopped by Igor Shesterkin with a rebound.
0:27 of 1st period - Snap shot by Cam Atkinson.
0:27 of 1st period - Stopped by Igor Shesterkin with a rebound.
1:57 of 1st period - David Kampf is hit by Anton Stralman and loses puck.
2:14 of 1st period - Erik Johnson is hit by Blake Wheeler.
2:18 of 1st period - Adrian Kempe is hit by Mikael Granlund and loses puck.
2:51 of 1st period - Duncan Keith is hit by Matthew Benning and loses puck.
3:00 of 1st period - Snap shot by Boone Jenner.
3:00 of 1st period - Stopped by Igor Shesterkin without a rebound.
3:01 of 1st period - Jeff Carter wins face-off versus Mikael Granlund in New York Rangers zone.
3:02 of 1st period - Wrist shot by Boone Jenner.
3:02 of 1st period - Shot Misses the Net.
3:38 of 1st period - Slapshot by T.J. Oshie.
3:38 of 1st period - Shot Misses the Net.
4:02 of 1st period - Snap shot by Jakub Voracek.
4:02 of 1st period - Stopped by Igor Shesterkin without a rebound.
4:03 of 1st period - Mikael Backlund wins face-off versus Cole Caufield in New York Rangers zone.
4:15 of 1st period - Off-side.
4:16 of 1st period - Patrice Bergeron wins face-off versus Ryan Getzlaf in neutral zone.
4:25 of 1st period - Jacob Trouba is hit by Mikael Granlund and loses puck.
4:31 of 1st period - Icing by Erik Johnson.
4:32 of 1st period - Ryan Getzlaf wins face-off versus Mikael Granlund in Edmonton Oilers zone.
4:37 of 1st period - Wrist shot by Brock Boeser.
4:37 of 1st period - Deflect By Jakub Voracek.
4:37 of 1st period - Stopped by Igor Shesterkin without a rebound.
4:38 of 1st period - Boone Jenner wins face-off versus Mikael Granlund in New York Rangers zone.
4:41 of 1st period - Wrist shot by Boone Jenner.
4:41 of 1st period - Stopped by Igor Shesterkin with a rebound.
4:49 of 1st period - Slapshot by Mikael Granlund.
4:49 of 1st period - Shot Misses the Net.
4:51 of 1st period - Wrist shot by Mikael Granlund.
4:51 of 1st period - Shot Blocked by Damon Severson.
5:05 of 1st period - Cam Fowler is hit by Ryan Getzlaf and loses puck.
5:12 of 1st period - Snap shot by Brock Boeser.
5:12 of 1st period - Shot Misses the Net.
5:50 of 1st period - Wrist shot by Blake Wheeler.
5:50 of 1st period - Shot Blocked by Damon Severson.
5:52 of 1st period - Snap shot by Mark Giordano.
5:52 of 1st period - Stopped by Juuse Saros without a rebound.
5:53 of 1st period - Patrice Bergeron wins face-off versus Boone Jenner in Edmonton Oilers zone.
5:54 of 1st period - Slapshot by Nathan MacKinnon.
5:54 of 1st period - Shot Misses the Net.
5:56 of 1st period - Wrist shot by Patrice Bergeron.
5:56 of 1st period - Stopped by Juuse Saros with a rebound.
6:05 of 1st period - Snap shot by Pierre-Luc Dubois.
6:05 of 1st period - Shot Misses the Net.
6:07 of 1st period - Slapshot by Patrice Bergeron.
6:07 of 1st period - Shot Blocked by Duncan Keith.
6:21 of 1st period - Snap shot by David Perron.
6:21 of 1st period - Shot Misses the Net.
6:23 of 1st period - Slapshot by Duncan Keith.
6:23 of 1st period - Stopped by Igor Shesterkin with a rebound.
6:25 of 1st period - Slapshot by Brandon Carlo.
6:25 of 1st period - Shot Misses the Net.
6:27 of 1st period - Wrist shot by Adrian Kempe.
6:27 of 1st period - Shot Blocked by David Kampf.
6:29 of 1st period - Slapshot by Jamie Benn.
6:29 of 1st period - Stopped by Igor Shesterkin with a rebound.
6:31 of 1st period - Slapshot by Brandon Carlo.
6:31 of 1st period - Stopped by Igor Shesterkin with a rebound.
6:42 of 1st period - Icing by Cole Caufield.
6:43 of 1st period - Mikael Backlund wins face-off versus T.J. Oshie in New York Rangers zone.
6:58 of 1st period - Wrist shot by T.J. Oshie.
6:58 of 1st period - Stopped by Juuse Saros without a rebound.
6:59 of 1st period - Patrice Bergeron wins face-off versus Boone Jenner in Edmonton Oilers zone.
7:02 of 1st period - Snap shot by Patrice Bergeron.
7:02 of 1st period - Stopped by Juuse Saros without a rebound.
7:03 of 1st period - Boone Jenner wins face-off versus Patrice Bergeron in Edmonton Oilers zone.
7:10 of 1st period - Snap shot by Nathan MacKinnon.
7:10 of 1st period - Shot Misses the Net.
9:02 of 1st period - Slapshot by Jamie Benn.
9:02 of 1st period - Deflect By David Kampf.
9:02 of 1st period - Shot Misses the Net.
9:02 of 1st period - Puck is out of play.
9:03 of 1st period - Jeff Carter wins face-off versus Conor Garland in New York Rangers zone.
9:06 of 1st period - Snap shot by Jamie Benn.
9:06 of 1st period - Stopped by Igor Shesterkin with a rebound.
9:08 of 1st period - Snap shot by Adrian Kempe.
9:08 of 1st period - Stopped by Igor Shesterkin without a rebound.
9:09 of 1st period - Patrice Bergeron wins face-off versus Boone Jenner in New York Rangers zone.
9:40 of 1st period - Wrist shot by Conor Garland.
9:40 of 1st period - Stopped by Juuse Saros without a rebound.
9:41 of 1st period - Jeff Carter wins face-off versus David Kampf in Edmonton Oilers zone.
9:46 of 1st period - David Kampf is hit by Jeff Carter and loses puck.
9:54 of 1st period - Cam Fowler is hit by Jacob Trouba and loses puck.
10:12 of 1st period - Wrist shot by Mikael Granlund.
10:12 of 1st period - Stopped by Juuse Saros without a rebound.
10:13 of 1st period - Patrice Bergeron wins face-off versus Cam Atkinson in Edmonton Oilers zone.
10:44 of 1st period - Boone Jenner is hit by Cole Caufield and loses puck.
11:32 of 1st period - Wrist shot by Boone Jenner.
11:32 of 1st period - Stopped by Igor Shesterkin without a rebound.
11:33 of 1st period - Patrice Bergeron wins face-off versus Jeff Carter in New York Rangers zone.
11:35 of 1st period - Patrice Bergeron and Jamie Benn fight to a draw.
11:35 of 1st period - Penalty to Patrice Bergeron for Fighting.
11:35 of 1st period - Penalty to Jamie Benn for Fighting.
11:36 of 1st period - Mikael Granlund wins face-off versus Jeff Carter in neutral zone.
11:43 of 1st period - Wrist shot by Pierre-Luc Dubois.
11:43 of 1st period - Stopped by Juuse Saros with a rebound.
11:51 of 1st period - Snap shot by Mikael Granlund.
11:51 of 1st period - Shot Blocked by Duncan Keith.
11:53 of 1st period - Slapshot by Adam Larsson.
11:53 of 1st period - Deflect By Mikael Granlund.
11:53 of 1st period - Stopped by Juuse Saros with a rebound.
12:03 of 1st period - Eric Robinson is hit by Brandon Carlo and loses puck.
12:26 of 1st period - Mikael Backlund is hit by Adam Larsson and loses puck.
12:51 of 1st period - Snap shot by Boone Jenner.
12:51 of 1st period - Shot Blocked by Andre Burakovsky.
13:21 of 1st period - Ryan Getzlaf is hit by Tyler Motte and loses puck.
14:06 of 1st period - Jeff Carter is hit by Cam Fowler and loses puck.
14:36 of 1st period - Erik Johnson is hit by Matthew Benning and loses puck.
15:41 of 1st period - Minor Penalty to Jacob Trouba for Holding.
15:42 of 1st period - Mikael Granlund wins face-off versus Mikael Backlund in Edmonton Oilers zone.
15:57 of 1st period - Slapshot by Pierre-Luc Dubois.
15:57 of 1st period - Goal by Pierre-Luc Dubois - Edmonton Oilers : 0 - New York Rangers : 1.
15:58 of 1st period - Jeff Carter wins face-off versus Mikael Granlund in neutral zone.
16:01 of 1st period - Slapshot by Jacob Trouba.
16:01 of 1st period - Shot Blocked by Mark Giordano.
16:15 of 1st period - Slapshot by Nathan MacKinnon.
16:15 of 1st period - Stopped by Juuse Saros without a rebound.
16:16 of 1st period - Ryan Getzlaf wins face-off versus Mikael Granlund in Edmonton Oilers zone.
16:16 of 1st period - Ryan Getzlaf is hit by Mark Giordano.
16:24 of 1st period - Wrist shot by Brock Boeser.
16:24 of 1st period - Shot Blocked by Cam Fowler.
16:30 of 1st period - Wrist shot by Brock Boeser.
16:30 of 1st period - Shot Misses the Net.
16:32 of 1st period - Snap shot by Brock Boeser.
16:32 of 1st period - Stopped by Igor Shesterkin with a rebound.
16:47 of 1st period - Mark Giordano is hit by Jeff Carter and loses puck.
17:31 of 1st period - Wrist shot by T.J. Oshie.
17:31 of 1st period - Shot Misses the Net.
17:33 of 1st period - Snap shot by Cam Fowler.
17:33 of 1st period - Deflect By T.J. Oshie.
17:33 of 1st period - Stopped by Juuse Saros without a rebound.
17:34 of 1st period - Mikael Granlund wins face-off versus Jeff Carter in Edmonton Oilers zone.
18:24 of 1st period - Snap shot by Jakub Voracek.
18:24 of 1st period - Stopped by Igor Shesterkin with a rebound.
18:26 of 1st period - Snap shot by Jakub Voracek.
18:26 of 1st period - Stopped by Igor Shesterkin with a rebound.
18:32 of 1st period - Wrist shot by Ryan Getzlaf.
18:32 of 1st period - Stopped by Igor Shesterkin with a rebound.
18:34 of 1st period - Slapshot by Damon Severson.
18:34 of 1st period - Shot Blocked by Matthew Benning.
18:36 of 1st period - Slapshot by Ryan Getzlaf.
18:36 of 1st period - Stopped by Igor Shesterkin with a rebound.
19:11 of 1st period - Snap shot by Mikael Granlund.
19:11 of 1st period - Shot Blocked by Jamie Benn.
19:27 of 1st period - David Perron is hit by Pierre-Luc Dubois and loses puck.
19:40 of 1st period - Off-side.
19:41 of 1st period - Mikael Granlund wins face-off versus Ryan Getzlaf in neutral zone.
Goals for this period are 0 for Edmonton Oilers vs 1 for New York Rangers.
Shots for this period are 17 for Edmonton Oilers vs 11 for New York Rangers.
2nd period
0:01 of 2nd period - Patrice Bergeron wins face-off versus Jeff Carter in neutral zone.
0:34 of 2nd period - Snap shot by Mikael Granlund.
0:34 of 2nd period - Deflect By Andre Burakovsky.
0:34 of 2nd period - Shot Misses the Net.
0:34 of 2nd period - Puck is out of play.
0:35 of 2nd period - Boone Jenner wins face-off versus Mikael Granlund in Edmonton Oilers zone.
0:52 of 2nd period - Slapshot by David Perron.
0:52 of 2nd period - Goal by David Perron - Edmonton Oilers : 1 - New York Rangers : 1.
0:53 of 2nd period - Patrice Bergeron wins face-off versus Jeff Carter in neutral zone.
1:05 of 2nd period - Wrist shot by Patrice Bergeron.
1:05 of 2nd period - Stopped by Juuse Saros without a rebound.
1:06 of 2nd period - Patrice Bergeron wins face-off versus Jeff Carter in Edmonton Oilers zone.
1:32 of 2nd period - Blake Wheeler is hit by Damon Severson and loses puck.
1:55 of 2nd period - Snap shot by Cam Fowler.
1:55 of 2nd period - Deflect By Cole Caufield.
1:55 of 2nd period - Shot Misses the Net.
1:55 of 2nd period - Puck is out of play.
1:56 of 2nd period - David Kampf wins face-off versus Ryan Getzlaf in Edmonton Oilers zone.
1:57 of 2nd period - Snap shot by Cole Caufield.
1:57 of 2nd period - Stopped by Juuse Saros with a rebound.
3:31 of 2nd period - Snap shot by Jakub Voracek.
3:31 of 2nd period - Stopped by Igor Shesterkin without a rebound.
3:32 of 2nd period - Jeff Carter wins face-off versus Patrice Bergeron in New York Rangers zone.
4:26 of 2nd period - Icing by Dmitry Kulikov.
4:27 of 2nd period - T.J. Oshie wins face-off versus Mikael Backlund in New York Rangers zone.
4:41 of 2nd period - Snap shot by Erik Johnson.
4:41 of 2nd period - Stopped by Igor Shesterkin with a rebound.
5:17 of 2nd period - Snap shot by Mikael Backlund.
5:17 of 2nd period - Shot Misses the Net.
5:25 of 2nd period - Jacob Trouba is hit by Dmitry Kulikov and loses puck.
5:30 of 2nd period - Wrist shot by T.J. Oshie.
5:30 of 2nd period - Shot Misses the Net.
5:32 of 2nd period - Snap shot by Eric Robinson.
5:32 of 2nd period - Stopped by Juuse Saros with a rebound.
5:34 of 2nd period - Wrist shot by Eric Robinson.
5:34 of 2nd period - Goal by Eric Robinson - Edmonton Oilers : 1 - New York Rangers : 2.
5:35 of 2nd period - Patrice Bergeron wins face-off versus Jeff Carter in neutral zone.
7:25 of 2nd period - Snap shot by Jakob Silfverberg.
7:25 of 2nd period - Stopped by Igor Shesterkin without a rebound.
7:26 of 2nd period - Mikael Backlund wins face-off versus T.J. Oshie in New York Rangers zone.
7:39 of 2nd period - Anton Stralman is hit by T.J. Oshie and loses puck.
8:42 of 2nd period - Wrist shot by Blake Wheeler.
8:42 of 2nd period - Stopped by Juuse Saros without a rebound.
8:43 of 2nd period - Ryan Getzlaf wins face-off versus Mikael Granlund in Edmonton Oilers zone.
8:50 of 2nd period - Snap shot by Brock Boeser.
8:50 of 2nd period - Stopped by Igor Shesterkin without a rebound.
8:51 of 2nd period - Jeff Carter wins face-off versus Patrice Bergeron in New York Rangers zone.
9:30 of 2nd period - Slapshot by Jakub Voracek.
9:30 of 2nd period - Shot Misses the Net.
9:54 of 2nd period - Wrist shot by David Perron.
9:54 of 2nd period - Shot Blocked by Cam Fowler.
11:20 of 2nd period - Slapshot by Andre Burakovsky.
11:20 of 2nd period - Shot Misses the Net.
11:36 of 2nd period - Wrist shot by Blake Wheeler.
11:36 of 2nd period - Stopped by Juuse Saros with a rebound.
11:38 of 2nd period - Slapshot by Mikael Granlund.
11:38 of 2nd period - Stopped by Juuse Saros with a rebound.
11:40 of 2nd period - Slapshot by Mark Giordano.
11:40 of 2nd period - Stopped by Juuse Saros without a rebound.
11:41 of 2nd period - Boone Jenner wins face-off versus Pierre-Luc Dubois in Edmonton Oilers zone.
11:41 of 2nd period - Boone Jenner is hit by Dmitry Kulikov.
11:53 of 2nd period - Snap shot by Cam Atkinson.
11:53 of 2nd period - Goal by Cam Atkinson - Edmonton Oilers : 2 - New York Rangers : 2.
11:54 of 2nd period - Cam Atkinson wins face-off versus Patrice Bergeron in neutral zone.
11:57 of 2nd period - Slapshot by Boone Jenner.
11:57 of 2nd period - Shot Misses the Net.
13:28 of 2nd period - David Perron is hit by T.J. Oshie and loses puck.
13:49 of 2nd period - Mark Giordano is hit by Damon Severson and loses puck.
14:33 of 2nd period - Wrist shot by Mikael Granlund.
14:33 of 2nd period - Shot Misses the Net.
14:35 of 2nd period - Snap shot by Dmitry Kulikov.
14:35 of 2nd period - Shot Blocked by Erik Johnson.
14:37 of 2nd period - Wrist shot by Andre Burakovsky.
14:37 of 2nd period - Stopped by Juuse Saros without a rebound.
14:38 of 2nd period - Patrice Bergeron wins face-off versus Ryan Getzlaf in Edmonton Oilers zone.
14:59 of 2nd period - Backhand shot by Jakub Voracek.
14:59 of 2nd period - Stopped by Igor Shesterkin without a rebound.
15:00 of 2nd period - David Kampf wins face-off versus Boone Jenner in New York Rangers zone.
15:48 of 2nd period - Minor Penalty to Blake Wheeler for Holding.
15:49 of 2nd period - Patrice Bergeron wins face-off versus Brock Boeser in New York Rangers zone.
17:41 of 2nd period - Jake McCabe is hit by Jacob Trouba and loses puck.
17:48 of 2nd period - Penalty to Blake Wheeler is over, Blake Wheeler is back on ice.
17:52 of 2nd period - Adam Larsson is hit by Mikael Backlund.
18:04 of 2nd period - Matthew Benning is hit by Jacob Trouba and loses puck.
18:17 of 2nd period - Jacob Trouba is hit by Conor Garland and loses puck.
18:55 of 2nd period - Anton Stralman is hit by Mikael Granlund and loses puck.
19:32 of 2nd period - Wrist shot by Nathan MacKinnon.
19:32 of 2nd period - Shot Misses the Net.
Goals for this period are 2 for Edmonton Oilers vs 1 for New York Rangers.
Shots for this period are 7 for Edmonton Oilers vs 9 for New York Rangers.
3rd period
0:01 of 3rd period - Patrice Bergeron wins face-off versus Boone Jenner in neutral zone.
0:04 of 3rd period - Wrist shot by Patrice Bergeron.
0:04 of 3rd period - Stopped by Juuse Saros with a rebound.
0:08 of 3rd period - Snap shot by Nathan MacKinnon.
0:08 of 3rd period - Stopped by Juuse Saros without a rebound.
0:09 of 3rd period - Boone Jenner wins face-off versus Patrice Bergeron in Edmonton Oilers zone.
0:22 of 3rd period - Nathan MacKinnon is hit by Boone Jenner and loses puck.
1:06 of 3rd period - Slapshot by Patrice Bergeron.
1:06 of 3rd period - Shot Misses the Net.
1:08 of 3rd period - Slapshot by Mark Giordano.
1:08 of 3rd period - Stopped by Juuse Saros with a rebound.
1:10 of 3rd period - Slapshot by Cam Fowler.
1:10 of 3rd period - Stopped by Juuse Saros with a rebound.
1:12 of 3rd period - Snap shot by Nathan MacKinnon.
1:12 of 3rd period - Shot Blocked by Damon Severson.
1:14 of 3rd period - Slapshot by Mark Giordano.
1:14 of 3rd period - Shot Blocked by Anton Stralman.
1:16 of 3rd period - Wrist shot by Nathan MacKinnon.
1:16 of 3rd period - Shot Misses the Net.
1:18 of 3rd period - Snap shot by Mark Giordano.
1:18 of 3rd period - Deflect By Nathan MacKinnon.
1:18 of 3rd period - Stopped by Juuse Saros without a rebound.
1:19 of 3rd period - Jeff Carter wins face-off versus Andre Burakovsky in Edmonton Oilers zone.
1:21 of 3rd period - Minor Penalty to Jeff Carter for Holding.
1:22 of 3rd period - Mikael Backlund wins face-off versus Mikael Granlund in Edmonton Oilers zone.
1:32 of 3rd period - Slapshot by Mikael Granlund.
1:32 of 3rd period - Deflect By Jakob Silfverberg.
1:32 of 3rd period - Shot Misses the Net.
1:32 of 3rd period - Puck is out of play.
1:33 of 3rd period - Mikael Backlund wins face-off versus Mikael Granlund in Edmonton Oilers zone.
1:51 of 3rd period - Mikael Backlund is hit by T.J. Oshie and loses puck.
2:16 of 3rd period - Slapshot by Mikael Granlund.
2:16 of 3rd period - Stopped by Juuse Saros with a rebound.
2:18 of 3rd period - Wrist shot by Cam Fowler.
2:18 of 3rd period - Stopped by Juuse Saros with a rebound.
2:20 of 3rd period - Slapshot by Cam Fowler.
2:20 of 3rd period - Stopped by Juuse Saros with a rebound.
2:22 of 3rd period - Slapshot by Mikael Granlund.
2:22 of 3rd period - Deflect By Jacob Trouba.
2:22 of 3rd period - Shot Blocked by Boone Jenner.
2:22 of 3rd period - Puck is out of play.
2:23 of 3rd period - Mikael Backlund wins face-off versus Patrice Bergeron in Edmonton Oilers zone.
2:34 of 3rd period - Slapshot by Jakob Silfverberg.
2:34 of 3rd period - Stopped by Igor Shesterkin with a rebound.
3:21 of 3rd period - Penalty to Jeff Carter is over, Jeff Carter is back on ice.
3:46 of 3rd period - Adam Larsson is hit by Ryan Getzlaf and loses puck.
4:03 of 3rd period - Wrist shot by Jakob Silfverberg.
4:03 of 3rd period - Stopped by Igor Shesterkin without a rebound.
4:04 of 3rd period - Mikael Backlund wins face-off versus Patrice Bergeron in New York Rangers zone.
4:37 of 3rd period - Slapshot by Jeff Carter.
4:37 of 3rd period - Shot Blocked by Eric Robinson.
4:51 of 3rd period - Blake Wheeler is hit by David Perron and loses puck.
5:13 of 3rd period - Off-side.
5:14 of 3rd period - Patrice Bergeron wins face-off versus Ryan Getzlaf in neutral zone.
5:43 of 3rd period - Wrist shot by Patrice Bergeron.
5:43 of 3rd period - Stopped by Juuse Saros without a rebound.
5:44 of 3rd period - Mikael Granlund wins face-off versus Jeff Carter in Edmonton Oilers zone.
6:09 of 3rd period - Mikael Granlund is hit by Damon Severson and loses puck.
6:22 of 3rd period - Wrist shot by Andre Burakovsky.
6:22 of 3rd period - Shot Blocked by Jacob Trouba.
6:24 of 3rd period - Wrist shot by Blake Wheeler.
6:24 of 3rd period - Shot Misses the Net.
6:36 of 3rd period - Slapshot by Blake Wheeler.
6:36 of 3rd period - Shot Misses the Net.
6:38 of 3rd period - Slapshot by Blake Wheeler.
6:38 of 3rd period - Stopped by Juuse Saros without a rebound.
6:39 of 3rd period - Jeff Carter wins face-off versus Patrice Bergeron in Edmonton Oilers zone.
7:19 of 3rd period - Jacob Trouba is hit by Cam Fowler and loses puck.
7:49 of 3rd period - Patrice Bergeron is hit by Jacob Trouba.
7:53 of 3rd period - Erik Johnson is hit by Matthew Benning and loses puck.
9:30 of 3rd period - Wrist shot by Nathan MacKinnon.
9:30 of 3rd period - Stopped by Juuse Saros with a rebound.
9:49 of 3rd period - Wrist shot by Boone Jenner.
9:49 of 3rd period - Shot Misses the Net.
9:51 of 3rd period - Slapshot by Damon Severson.
9:51 of 3rd period - Stopped by Igor Shesterkin with a rebound.
9:53 of 3rd period - Backhand shot by Boone Jenner.
9:53 of 3rd period - Shot Blocked by Adam Larsson.
9:55 of 3rd period - Wrist shot by Anton Stralman.
9:55 of 3rd period - Stopped by Igor Shesterkin without a rebound.
9:56 of 3rd period - Mikael Granlund wins face-off versus Jeff Carter in New York Rangers zone.
9:56 of 3rd period - Mikael Granlund is hit by Jeff Carter.
10:13 of 3rd period - Mikael Granlund is hit by Jeff Carter and loses puck.
10:24 of 3rd period - Mark Giordano is hit by Jacob Trouba and loses puck.
10:33 of 3rd period - Jacob Trouba is hit by Mark Giordano and loses puck.
10:59 of 3rd period - Minor Penalty to T.J. Oshie for Elbowing.
11:00 of 3rd period - Ryan Getzlaf wins face-off versus Patrice Bergeron in New York Rangers zone.
11:18 of 3rd period - Patrice Bergeron is hit by Adrian Kempe and loses puck.
11:35 of 3rd period - Wrist shot by Brock Boeser.
11:35 of 3rd period - Shot Misses the Net.
11:53 of 3rd period - Snap shot by Jamie Benn.
11:53 of 3rd period - Shot Misses the Net.
12:09 of 3rd period - Slapshot by Ryan Getzlaf.
12:09 of 3rd period - Shot Blocked by Mark Giordano.
12:59 of 3rd period - Penalty to T.J. Oshie is over, T.J. Oshie is back on ice.
13:37 of 3rd period - Mikael Backlund is hit by Mikael Granlund and loses puck.
14:47 of 3rd period - Brandon Carlo is hit by Dmitry Kulikov and loses puck.
15:26 of 3rd period - Patrice Bergeron is hit by David Perron.
15:42 of 3rd period - Adrian Kempe is hit by Blake Wheeler and loses puck.
16:01 of 3rd period - Jacob Trouba is hit by Tyler Motte and loses puck.
16:25 of 3rd period - David Perron is hit by Pierre-Luc Dubois and loses puck.
17:51 of 3rd period - Anton Stralman is hit by Dmitry Kulikov and loses puck.
18:13 of 3rd period - Cam Atkinson is hit by Matthew Benning and loses puck.
18:31 of 3rd period - Adrian Kempe is hit by Conor Garland and loses puck.
Goals for this period are 0 for Edmonton Oilers vs 0 for New York Rangers.
Shots for this period are 4 for Edmonton Oilers vs 11 for New York Rangers.
Overtime #1
0:01 of 1st overtime period - Patrice Bergeron wins face-off versus Jeff Carter in neutral zone.
0:10 of 1st overtime period - Slapshot by Adrian Kempe.
0:10 of 1st overtime period - Shot Misses the Net.
0:12 of 1st overtime period - Snap shot by Adrian Kempe.
0:12 of 1st overtime period - Stopped by Igor Shesterkin without a rebound.
0:13 of 1st overtime period - Patrice Bergeron wins face-off versus Jeff Carter in New York Rangers zone.
0:18 of 1st overtime period - Wrist shot by Nathan MacKinnon.
0:18 of 1st overtime period - Stopped by Juuse Saros with a rebound.
0:20 of 1st overtime period - Snap shot by Pierre-Luc Dubois.
0:20 of 1st overtime period - Stopped by Juuse Saros without a rebound.
0:21 of 1st overtime period - Nathan MacKinnon wins face-off versus Jeff Carter in Edmonton Oilers zone.
0:32 of 1st overtime period - Wrist shot by Nathan MacKinnon.
0:32 of 1st overtime period - Stopped by Juuse Saros with a rebound.
0:40 of 1st overtime period - Snap shot by Patrice Bergeron.
0:40 of 1st overtime period - Goal by Patrice Bergeron - Edmonton Oilers : 2 - New York Rangers : 3.
Goals for this period are 0 for Edmonton Oilers vs 1 for New York Rangers.
Shots for this period are 1 for Edmonton Oilers vs 4 for New York Rangers.
Back to the Top